 Dungeon Crawl Stone Soup version 0.31-a0-176-g91f28db67f (webtiles) character file.

Game seed: 17308588731243972828

103 Elmgren the Conjurer (level 4, -1/24 HPs)
             Began as a Deep Elf Conjurer on June 18, 2023.
             Succumbed to Crazy Yiuf's poison
             ... on level 2 of the Dungeon.
             The game lasted 00:03:28 (2137 turns).

Elmgren the Conjurer (Deep Elf Conjurer)            Turns: 2137, Time: 00:03:28

Health: -1/24      AC:  2    Str:  4    XL:     4   Next: 51%
Magic:  10/13      EV: 12    Int: 25    God:
Gold:   166        SH:  0    Dex: 13    Spells: 12/13 levels left

rFire   + . .        j - staff of fire
rCold   . . .        (no shield)
rNeg    . . .        a - +0 robe
rPois   .            g - +0 hat
rElec   .            (no cloak)
rCorr   .            (no gloves)
SInv    .            (no boots)
Will    .....        (no amulet)
Stlth   ++           (no ring)
HPRegen 0.24/turn    (no ring)
MPRegen 0.13/turn

%: no passive effects
@: lethally poisoned (-1 -> -11)
A: no striking features
a: no special abilities


You were on level 2 of the Dungeon.
You visited 1 branch of the dungeon, and saw 2 of its levels.

You collected 166 gold pieces.

Inventory:

Armour
 a - a +0 robe (worn)
 g - a +0 hat (worn)
Magical Staves
 j - a staff of fire (weapon)
Wands
 m - a wand of acid (14)
Scrolls
 f - a scroll of acquirement {unknown}
 h - a scroll of enchant weapon {unknown}
 n - a scroll of fog
Potions
 b - a potion of magic
 c - a potion of attraction
 d - 3 potions of curing
 e - 2 potions of heal wounds
 k - a potion of brilliance
 o - a potion of invisibility {unknown}


   Skills:
 - Level 2.4 Dodging
 - Level 2.4 Stealth
 + Level 5.1 Spellcasting
 + Level 5.6 Conjurations


You had 12 spell levels left.
You knew the following spells:

 Your Spells              Type           Power      Damage    Failure   Level
a - Magic Dart            Conj           100%       1d8       1%          1

Your spell library contained the following spells:

 Spells                   Type           Power      Damage    Failure   Level
 Searing Ray              Conj           68%        2d6       1%          2
 Dazzling Flash           Conj/Hex       40%        N/A       8%          3
 Fulminant Prism          Conj/Hex       10%        3d8       26%         4
 Iskenderun's Mystic Bla  Conj/Tloc      20%        2d6       26%         4


Dungeon Overview and Level Annotations

Branches:
Dungeon (2/15)

Altars:
Qazlal

Annotations:
D:2 Crazy Yiuf


Message History

Aim: an endoplasm (lightly wounded, 100% to hit)
The magic dart hits the endoplasm!
You kill the endoplasm!
Casting: Magic Dart (safe; 1% risk of failure)
Confirm with . or Enter, or press ? or * to list all spells.
You can't see any susceptible monsters within range! (Use Z to cast anyway.) No target in view!
Found a hammer.
Found a runed translucent door.
No target in view!
You open the door.
Crazy Yiuf waves his quarterstaff at you.
Casting: Magic Dart (safe; 1% risk of failure)
Confirm with . or Enter, or press ? or * to list all spells.
Aiming: Magic Dart (safe; 1% risk of failure)
Press: ? - help, Shift-Dir - straight line, f - Crazy Yiuf
Aim: Crazy Yiuf, wielding a +4 quarterstaff of chaos and wearing a +0 cloak (100% to hit)
The magic dart hits Crazy Yiuf.
Crazy Yiuf is lightly wounded.
Crazy Yiuf hits you with a +4 quarterstaff of chaos!!
Ouch! That really hurt!
* * * LOW HITPOINT WARNING * * *
You are lethally poisoned!
Casting: Magic Dart (safe; 1% risk of failure)
Confirm with . or Enter, or press ? or * to list all spells.
Aiming: Magic Dart (safe; 1% risk of failure)
Press: ? - help, Shift-Dir - straight line, f/p - Crazy Yiuf
Aim: Crazy Yiuf, wielding a +4 quarterstaff of chaos and wearing a +0 cloak (lightly wounded, 100% to hit)
The magic dart hits Crazy Yiuf.
Crazy Yiuf is moderately wounded.
* * * LOW HITPOINT WARNING * * *
You feel very sick. Crazy Yiuf closely misses you.
Casting: Magic Dart (safe; 1% risk of failure)
Confirm with . or Enter, or press ? or * to list all spells.
Aiming: Magic Dart (safe; 1% risk of failure)
Press: ? - help, Shift-Dir - straight line, f/p - Crazy Yiuf
Aim: Crazy Yiuf, wielding a +4 quarterstaff of chaos and wearing a +0 cloak (moderately wounded, 100% to hit)
The magic dart hits Crazy Yiuf!
Crazy Yiuf is severely wounded.
You die...

#....####....#######
##..## #....# #....#
###### #...## ##.##
#.## ##.# #.## ##@#
#g# ... #...# #..)#
#####


You could see Crazy Yiuf.

Vanquished Creatures
  Robin (D:2)
  5 adders (D:2)
  2 ball pythons
  3 endoplasms
  2 giant cockroaches (D:2)
  11 goblins
  7 hobgoblins
  2 kobolds (D:1)
  A quokka (D:1)
  4 bats
  A frilled lizard (D:2)
  5 rats
44 creatures vanquished.

Notes
Turn   | Place    | Note
-------+----------+-------------------------------------------
     0 | D:1      | Elmgren the Deep Elf Conjurer began the quest for the Orb.
     0 | D:1      | Reached XP level 1. HP: 10/10 MP: 6/6
   442 | D:1      | Reached XP level 2. HP: 15/15 MP: 1/8
   601 | D:1      | You fall into a shaft and drop 1 floor!
   691 | D:2      | Reached skill level 5 in Conjurations
   691 | D:2      | Reached XP level 3. HP: 19/19 MP: 6/10
   769 | D:2      | Found a stormy altar of Qazlal.
   914 | D:2      | Noticed Robin
  1177 | D:1      | Reached XP level 4. HP: 24/24 MP: 10/12
  1393 | D:2      | Found a faded altar of an unknown god.
  1838 | D:2      | Killed Robin
  1839 | D:2      | Reached skill level 5 in Spellcasting
  2130 | D:2      | Found a runed translucent door.
  2131 | D:2      | Noticed Crazy Yiuf
  2136 | D:2      | HP: 1/24 [poisoned by Crazy Yiuf]
  2137 | D:2      | Succumbed to Crazy Yiuf's poison

Illustrated notes

Levels and vault maps discovered:
D:1:      dpeg_arrival_pits, layout_loops_ring, nrook_campfire
D:2:      layout_basic, ebering_ecumenical_altar_rust, basic_altar,
          uniq_crazy_yiuf_cottage, uniq_robin

Skill      XL: |  1  2  3  4 |
---------------+-------------+-----
Spellcasting   | 4 5 |  5.1
Conjurations   | 5 |  5.6
Dodging        | |  2.4
Stealth        | |  2.4

Action                     |  1- 3 |  4- 6 || total
---------------------------+-------+-------++-------
  Melee: Staff             |     3 |       ||     3
   Cast: Magic Dart        |    50 |    31 ||    81
    Use: Scroll            |       |     8 ||     8
 Armour: Robe              |     2 |     1 ||     3
  Dodge: Dodged            |    14 |     1 ||    15

Table legend: (Time is in decaauts)
 A = Elapsed time spent in this place.
 B = Non-inter-level travel time spent in this place.
 C = Inter-level travel time spent in this place.
 D = Time resting spent in this place.
 E = Time spent auto-exploring this place.
 F = Levels seen in this place.
 G = Mean time per level.
                   A        B        C        D        E       F      G
               +--------+--------+--------+--------+--------+-----+--------+
         Total |   2136 |   2119 |     17 |    196 |   1688 |   2 | 1068.0 |
       Dungeon |   2136 |   2119 |     17 |    196 |   1688 |   2 | 1068.0 |
               +--------+--------+--------+--------+--------+-----+--------+

Top non-repeatable levels by time:
     D:2: 1095 daAuts
     D:1: 1040 daAuts
